 Dungeon Crawl Stone Soup version 0.20.1-1-g8b1a95d (webtiles) character file.

93 Peloso the Shield-Bearer (level 4, -2/40 HPs)
             Began as a Minotaur Fighter on July 14, 2017.
             Slain by Grinder (5 damage)
             ... on level 3 of the Dungeon.
             The game lasted 00:04:04 (1592 turns).

Peloso the Shield-Bearer (Minotaur Fighter)         Turns: 1592, Time: 00:04:05

Health: -2/40      AC:  7    Str: 21    XL:     4   Next: 37%
Magic:  3/3        EV:  7    Int:  5    God:
Gold:   120        SH:  9    Dex: 10    Spells: 3/3 levels left

rFire    . . .     SeeInvis .   a - +0 long sword
rCold    . . .     Gourm    +   c - +0 shield
rNeg     . . .     Faith    .   b - +0 scale mail
rPois    .         Spirit   .   (helmet restricted)
rElec    .         Reflect  .   (no cloak)
rCorr    .         Harm     .   (no gloves)
MR       .....                  (no boots)
Stlth    ..........             m - amulet of the gourmand
Regen    0.2/turn               (no ring)
MPRegen  0.1/turn               (no ring)

@: no status effects
A: retaliatory headbutt, horns 2
a: no special abilities


You were on level 3 of the Dungeon.
You were very full.

You visited 1 branch of the dungeon, and saw 3 of its levels.

You collected 120 gold pieces.

Inventory:

Hand Weapons
 a - a +0 long sword (weapon)
Armour
 b - a +0 scale mail (worn)
 c - a +0 shield (worn)
Jewellery
 m - an amulet of the gourmand (around neck)
Wands
 o - a wand of scattershot (7/9)
Scrolls
 e - a scroll of enchant weapon {unknown}
 g - a scroll of fear {unknown}
 i - 4 scrolls of identify {unknown}
 j - 4 scrolls of teleportation {unknown}
 n - 2 scrolls of remove curse {unknown}
 p - 3 scrolls of noise {unknown}
Potions
 d - a potion of might
 l - 2 potions of magic {unknown}
 q - 2 potions of lignification {unknown}
 r - a potion of curing {unknown}
 s - a potion of flight {unknown}
Comestibles
 f - 2 bread rations
 h - 3 meat rations
 k - a royal jelly


   Skills:
 + Level 4.1 Fighting
 + Level 4.1 Long Blades
 + Level 4.2 Armour
 + Level 0.2 Dodging
 + Level 4.3 Shields


You had 3 spell levels left.
You didn't know any spells.

Dungeon Overview and Level Annotations

Branches:
Dungeon (3/15)

Altars:

Annotations:
D:3 Grinder


Innate Abilities, Weirdness & Mutations

You reflexively headbutt those who attack you in melee.
You have a pair of horns on your head.


Message History

Grinder hits you!
You writhe in agony.
Grinder hits you.
You writhe in agony.
* * * LOW HITPOINT WARNING * * *
Grinder hits you.
* * * LOW HITPOINT WARNING * * *
You writhe in agony.
* * * LOW HITPOINT WARNING * * *
You can move again.
There is a stone staircase leading up here.
You slash Grinder!
Grinder is lightly wounded.
Grinder gestures at you.
You shrug off the repeated paralysis!
Unknown command.
Your shield and scale mail prevent you from hitting Grinder.
Grinder is lightly wounded.
Grinder hits you.
* * * LOW HITPOINT WARNING * * *
You writhe in agony.
You die...

# ...# #........... .#
#.#... #..........# .##
#.##..##
.......>..##.!(
#..##..##. ........#..#
#.>.....# #....##>..#
#.......# #........##
#.......#####..........
#..#5............?....
#...)@.......###..####
#...#......#.#.......#
##.....###...#.......#
#.......###.........#
##.#....###.......$.#
#.###....##........# #.
#..#.###?......# #.
#..#......†....#
#....###.......#


You could see Grinder.

Vanquished Creatures
  3 adders (D:2)
  An ooze (D:1)
  A worm (D:2)
  A dart slug (D:1)
  3 leopard geckos
  3 orcs
  6 bats
  11 goblins
  8 hobgoblins
  A ball python (D:2)
  A frilled lizard (D:1)
  3 kobolds
  8 rats
50 creatures vanquished.

Notes
Turn   | Place    | Note
-------+----------+-------------------------------------------
     0 | D:1      | Peloso the Minotaur Fighter began the quest for the Orb.
     0 | D:1      | Reached XP level 1. HP: 19/19 MP: 0/0
    74 | D:1      | Reached XP level 2. HP: 26/27 MP: 1/1
   254 | D:1      | Reached XP level 3. HP: 20/33 MP: 2/2
   825 | D:2      | Reached XP level 4. HP: 38/40 MP: 3/3
  1298 | D:3      | Noticed Grinder
  1587 | D:3      | Paralysed by Grinder for 4 turns
  1592 | D:3      | Slain by Grinder

Skill      XL: |  1  2  3  4 |
---------------+-------------+-----
Armour         | 4 |  4.2
Long Blades    | 3 4 |  4.1
Shields        | 4 |  4.3
Fighting       | 4 |  4.1
Dodging        | |  0.2

Action                   |  1- 3 |  4- 6 || total
-------------------------+-------+-------++-------
Melee: Long sword        |   100 |    39 ||   139
       Headbutt          |    12 |     6 ||    18
  Eat: Chunk             |    10 |     3 ||    13
Armor: Scale mail        |    46 |    17 ||    63
Dodge: Dodged            |    32 |     7 ||    39
Block: Shield            |    62 |    16 ||    78
       Rpst.: Long sword |     8 |     1 ||     9
